BSA
POCATELLO BOCCABELLAS @ KANSAS CITY KINGS
07/02/2028
 
TOP OF THE 1ST
Pocatello Boccabellas batting - Pitching for Kansas City Kings : RHP Marty Bradford
Pitching: RHP Marty Bradford
Batting: RHB Tomás Carranza 0-0: Fly out, F7 (Flyball, 7LM)
Batting: RHB Francisco Sandoval 0-0: Ball
1-0: Foul Ball, location: 2F
1-1: DOUBLE (Flyball, 9LM)
Batting: RHB Marlon Phipps 0-0: Ball
1-0: Ball
2-0: Called Strike
2-1: Foul Ball, location: 2F
2-2: Strikes out swinging
Batting: RHB Jeremy Carr 0-0: 2-RUN HOME RUN (Flyball, 8LXD), Distance : 395 ft
Batting: SHB Nick Cox 0-0: Called Strike
0-1: Ball
1-1: Ball
2-1: Foul Ball, location: 2F
2-2: Ball
3-2: Base on Balls
Batting: RHB Ernesto Acosta 0-0: Ball
1-0: Foul Ball, location: 2F
1-1: Ball
2-1: Fielders Choice at 2nd, 6-4 (Groundball, 6)
Top of the 1st over - 2 run(s), 2 hit(s), 0 error(s), 0 left on base; Pocatello 2 - Kansas City 0
BOTTOM OF THE 1ST
Kansas City Kings batting - Pitching for Pocatello Boccabellas : RHP Jesús De Los Santos
Pitching: RHP Jesús De Los Santos
Batting: RHB Chris Chandler 0-0: DOUBLE (Line Drive, 7LD)
Batting: SHB Douglas Taylor 0-0: Called Strike
0-1: Ball
1-1: SINGLE (Line Drive, 34)
Chris Chandler to third
Batting: LHB Stan Hickman 0-0: Called Strike
Douglas Taylor steals 2nd base
0-1: Foul Ball, location: 2F
0-2: Foul Ball, location: 2F
0-2: Ball
1-2: Foul Ball, location: 2F
1-2: Foul Ball, location: 2F
1-2: Ball
2-2: Foul Ball, location: 2F
2-2: Foul Ball, location: 2F
2-2: Ball
3-2: SINGLE (Groundball, 4MD)
Chris Chandler scores
Douglas Taylor to third
Runner from 3rd tries for Home, SAFE, no throw
Batting: RHB Toshimichi Kono 0-0: Called Strike
0-1: Fly out, F9 (Flyball, 9)
Batting: LHB Ron Crawford 0-0: Ball
1-0: Called Strike
1-1: Ball
2-1: Swinging Strike
2-2: Fielders Choice at 2nd, 4-6 (Groundball, 4)
Batting: RHB Dave Parker 0-0: Ball
1-0: Called Strike
1-1: Ball
2-1: Called Strike
2-2: Ball
3-2: Strikes out swinging
Bottom of the 1st over - 2 run(s), 3 hit(s), 0 error(s), 1 left on base; Pocatello 2 - Kansas City 2
TOP OF THE 2ND
Pocatello Boccabellas batting - Pitching for Kansas City Kings : RHP Marty Bradford
Batting: SHB Glenn Vadnais 0-0: Ball
1-0: Ball
2-0: Called Strike
2-1: Foul Ball, location: 2F
2-2: Fly out, F8 (Flyball, 8LS)
Batting: RHB José Delgado 0-0: Ball
1-0: Fly out, F7 (Flyball, 7LS)
Batting: RHB Orlando Bruno 0-0: SOLO HOME RUN (Flyball, 7LD), Distance : 349 ft
Batting: RHB Tomás Carranza 0-0: Ball
1-0: Foul Ball, location: 2F
1-1: Foul Ball, location: 2F
1-2: Fly out, F4 (Line Drive, 4)
Top of the 2nd over - 1 run(s), 1 hit(s), 0 error(s), 0 left on base; Pocatello 3 - Kansas City 2
BOTTOM OF THE 2ND
Kansas City Kings batting - Pitching for Pocatello Boccabellas : RHP Jesús De Los Santos
Batting: RHB Ronald Parsons 0-0: Foul Ball, location: 2F
0-1: Ball
1-1: Ball
2-1: Ball
3-1: Foul Ball, location: 2F
3-2: Foul Ball, location: 2F
3-2: Foul Ball, location: 2F
3-2: Foul Ball, location: 2F
3-2: Foul Ball, location: 2F
3-2: Fly out, F9 (Flyball, 9)
Batting: LHB Luis González 0-0: Ball
1-0: Ball
2-0: Ball
3-0: Base on Balls
Batting: RHB Oliver Lugo 0-0: Ground out 4-3 (Groundball, 6M)
Luis González to second
Batting: RHB Chris Chandler 0-0: Swinging Strike
0-1: Ball
1-1: Ground out 6-3 (Groundball, 6)
Bottom of the 2nd over - 0 run(s), 0 hit(s), 0 error(s), 1 left on base; Pocatello 3 - Kansas City 2
TOP OF THE 3RD
Pocatello Boccabellas batting - Pitching for Kansas City Kings : RHP Marty Bradford
Batting: RHB Francisco Sandoval 0-0: Called Strike
0-1: Ball
1-1: Called Strike
1-2: Ball
2-2: Ground out 3-1 (Groundball, 34)
Batting: RHB Marlon Phipps 0-0: Swinging Strike
0-1: Ball
1-1: Ball
2-1: Ball
3-1: Base on Balls
Batting: RHB Jeremy Carr 0-0: Called Strike
0-1: Swinging Strike
0-2: Strikes out looking
Batting: SHB Nick Cox 0-0: Ball
1-0: Ball
2-0: Foul Ball, location: 2F
2-1: Foul Ball, location: 2F
2-2: SINGLE (Line Drive, 9LS)
Marlon Phipps to second
Batting: RHB Ernesto Acosta 0-0: Ball
1-0: Foul Ball, location: 2F
1-1: SINGLE (Groundball, 56S) (infield hit)
Marlon Phipps to third
Nick Cox to second
Batting: SHB Glenn Vadnais 0-0: Fly out, F8 (Flyball, 8RS)
Top of the 3rd over - 0 run(s), 2 hit(s), 0 error(s), 3 left on base; Pocatello 3 - Kansas City 2
BOTTOM OF THE 3RD
Kansas City Kings batting - Pitching for Pocatello Boccabellas : RHP Jesús De Los Santos
Batting: SHB Douglas Taylor 0-0: Foul Ball, location: 2F
0-1: Called Strike
0-2: Ball
1-2: Ball
2-2: Strikes out swinging
Batting: LHB Stan Hickman 0-0: Ball
1-0: Called Strike
1-1: Ground out 4-3 (Groundball, 4)
Batting: RHB Toshimichi Kono 0-0: Fly out, F4 (Popup, 34)
Bottom of the 3rd over - 0 run(s), 0 hit(s), 0 error(s), 0 left on base; Pocatello 3 - Kansas City 2
TOP OF THE 4TH
Pocatello Boccabellas batting - Pitching for Kansas City Kings : RHP Marty Bradford
Batting: RHB José Delgado 0-0: Ball
1-0: Ball
2-0: Reached on error, E6 (Groundball, 6M)
Batting: RHB Orlando Bruno 0-0: Ball
1-0: SINGLE (Groundball, 6D)
José Delgado to second
Batting: RHB Tomás Carranza 0-0: Called Strike
0-1: Ball
1-1: Ball
2-1: Fielders Choice at 2nd, 3-6 (Groundball, 3)
José Delgado to third
Batting: RHB Francisco Sandoval 0-0: Ball
1-0: Foul Ball, location: 2F
1-1: Ball
2-1: Ball
3-1: Foul Ball, location: 2F
3-2: Foul Ball, location: 2F
3-2: DOUBLE (Line Drive, 7LM)
José Delgado scores
Tomás Carranza to third
Runner from 3rd tries for Home, SAFE, no throw
Batting: RHB Marlon Phipps 0-0: Called Strike
0-1: Foul Ball, location: 2F
0-2: Foul Ball, location: 2F
0-2: Ball
1-2: Ball
2-2: Ball
3-2: Foul Ball, location: 2F
3-2: SINGLE (Line Drive, 89S)
Francisco Sandoval to third
Batting: RHB Jeremy Carr 0-0: Called Strike
0-1: Foul Ball, location: 2F
0-2: Ball
1-2: Fly out, F5 (Line Drive, 56D)
Batting: SHB Nick Cox 0-0: Ball
1-0: Foul Ball, location: 2F
1-1: Ball
2-1: Ball
3-1: SINGLE (Groundball, 3D)
Francisco Sandoval scores
Marlon Phipps to second
Runner from 2nd tries for 3rd, SAFE, throw made to third
Pitching: RHP Adrián Serrano
Batting: RHB Ernesto Acosta 0-0: Ball
1-0: Ball
2-0: Ball
3-0: Called Strike
3-1: Base on Balls
Nick Cox to second
Batting: SHB Glenn Vadnais 0-0: Ball
1-0: Fielders Choice at 2nd, 4-6 (Groundball, 4)
Top of the 4th over - 3 run(s), 4 hit(s), 1 error(s), 2 left on base; Pocatello 6 - Kansas City 2
BOTTOM OF THE 4TH
Kansas City Kings batting - Pitching for Pocatello Boccabellas : RHP Jesús De Los Santos
Batting: LHB Ron Crawford 0-0: Ball
1-0: Foul Ball, location: 2F
1-1: Ground out U3 (Groundball, 3L)
Batting: RHB Dave Parker 0-0: Ball
1-0: Foul Ball, location: 2F
1-1: Foul Ball, location: 2F
1-2: SINGLE (Flyball, 8RS)
Batting: RHB Ronald Parsons 0-0: Called Strike
0-1: Foul Ball, location: 2F
0-2: Fly out, F4 (Popup, 4D)
Batting: LHB Luis González 0-0: Called Strike
0-1: Foul Ball, location: 2F
0-2: SINGLE (Line Drive, 9S)
Dave Parker to second
Throwing error, E9
Dave Parker scores
Luis González to second
Batting: RHB Oliver Lugo 0-0: SINGLE (Flyball, 78S)
Luis González to third
Runner from 3rd tries for Home, SAFE, no throw
Batting: RHB Chris Chandler 0-0: Ball
1-0: Ball
2-0: Called Strike
2-1: Ball
3-1: Base on Balls
Oliver Lugo to second
Batting: SHB Douglas Taylor 0-0: Swinging Strike
0-1: Ball
1-1: Ball
2-1: Ball
3-1: Foul Ball, location: 2F
3-2: Fly out, F7 (Flyball, 7S)
Bottom of the 4th over - 2 run(s), 3 hit(s), 1 error(s), 2 left on base; Pocatello 6 - Kansas City 4
TOP OF THE 5TH
Pocatello Boccabellas batting - Pitching for Kansas City Kings : RHP Adrián Serrano
Batting: RHB José Delgado 0-0: Called Strike
0-1: Ground out 5-3 (Groundball, 56)
Batting: RHB Orlando Bruno 0-0: Called Strike
0-1: Ball
1-1: Ball
2-1: Bunted foul
2-2: Ball
3-2: Strikes out swinging
Batting: RHB Tomás Carranza 0-0: Ball
1-0: Ball
2-0: Ball
3-0: Called Strike
3-1: Foul Ball, location: 2F
3-2: Fly out, F4 (Line Drive, 4M)
Top of the 5th over - 0 run(s), 0 hit(s), 0 error(s), 0 left on base; Pocatello 6 - Kansas City 4
BOTTOM OF THE 5TH
Kansas City Kings batting - Pitching for Pocatello Boccabellas : RHP Jesús De Los Santos
Batting: LHB Stan Hickman 0-0: Fly out, F9 (Flyball, 89S)
Batting: RHB Toshimichi Kono 0-0: Called Strike
0-1: Ground out 6-3 (Groundball, 6M)
Batting: LHB Ron Crawford 0-0: Called Strike
0-1: Ball
1-1: Swinging Strike
1-2: SINGLE (Line Drive, 89M)
Batting: RHB Dave Parker 0-0: Called Strike
Ron Crawford steals 2nd base
0-1: Ball
1-1: Ball
Wild Pitch!
Ron Crawford to third
2-1: Fly out, F8 (Flyball, 8LM)
Bottom of the 5th over - 0 run(s), 1 hit(s), 0 error(s), 1 left on base; Pocatello 6 - Kansas City 4
TOP OF THE 6TH
Pocatello Boccabellas batting - Pitching for Kansas City Kings : RHP Adrián Serrano
Batting: RHB Francisco Sandoval 0-0: Ball
1-0: Foul Ball, location: 2F
1-1: Foul Ball, location: 2F
1-2: Ball
2-2: Strikes out swinging
Batting: RHB Marlon Phipps 0-0: Called Strike
0-1: Foul Ball, location: 2F
0-2: Ground out 6-3 (Groundball, 56D)
Batting: RHB Jeremy Carr 0-0: Fly out, F9 (Flyball, 9LS)
Top of the 6th over - 0 run(s), 0 hit(s), 0 error(s), 0 left on base; Pocatello 6 - Kansas City 4
BOTTOM OF THE 6TH
Kansas City Kings batting - Pitching for Pocatello Boccabellas : RHP Jesús De Los Santos
Pitching: LHP Halewijn Tipping
Batting: RHB Ronald Parsons 0-0: Ball
1-0: Ground out 4-3 (Groundball, 4M)
Batting: LHB Luis González 0-0: Ball
1-0: Ball
2-0: Swinging Strike
2-1: Swinging Strike
2-2: Ball
3-2: Strikes out looking
Batting: RHB Oliver Lugo 0-0: Reached on error, E6 (Groundball, 6)
Batting: RHB Chris Chandler 0-0: Called Strike
0-1: Ball
1-1: Swinging Strike
1-2: Ball
2-2: SINGLE (Line Drive, 9LS)
Oliver Lugo to third
Runner from 3rd tries for Home, SAFE, no throw
Batting: SHB Douglas Taylor 0-0: Ball
1-0: Ball
2-0: Foul Ball, location: 2F
2-1: Ball
3-1: Fly out, F9 (Flyball, 9S)
Bottom of the 6th over - 1 run(s), 1 hit(s), 1 error(s), 1 left on base; Pocatello 6 - Kansas City 5
TOP OF THE 7TH
Pocatello Boccabellas batting - Pitching for Kansas City Kings : RHP Adrián Serrano
Batting: SHB Nick Cox 0-0: Ball
1-0: Ball
2-0: Foul Ball, location: 2F
2-1: DOUBLE (Flyball, 78M)
Batting: RHB Ernesto Acosta 0-0: Foul Ball, location: 2F
0-1: Ground out 5-3 (Groundball, 56)
Batting: SHB Glenn Vadnais 0-0: Intentional Walk
Pinch Hitting: LHB José Berroa 0-0: Ball
1-0: Called Strike
1-1: Called Strike
1-2: Ball
2-2: Strikes out looking
Batting: RHB Orlando Bruno 0-0: Called Strike
0-1: Swinging Strike
0-2: Ball
1-2: Ball
2-2: SINGLE (Line Drive, 6D)
Nick Cox to third
Glenn Vadnais to second
Runner from 3rd tries for Home, SAFE, no throw
Batting: RHB Tomás Carranza 0-0: Ball
1-0: Foul Ball, location: 2F
1-1: Ground out U3 (Groundball, 34)
Top of the 7th over - 1 run(s), 2 hit(s), 0 error(s), 2 left on base; Pocatello 7 - Kansas City 5
BOTTOM OF THE 7TH
Kansas City Kings batting - Pitching for Pocatello Boccabellas : LHP Halewijn Tipping
Now at 2B: John Craig
Batting: LHB Stan Hickman 0-0: Ball
1-0: Swinging Strike
1-1: Foul Ball, location: 2F
1-2: Ball
2-2: Ball
3-2: Fly out, F7 (Flyball, 78M)
Batting: RHB Toshimichi Kono 0-0: Called Strike
0-1: Swinging Strike
0-2: Ball
1-2: Ball
2-2: SINGLE (Line Drive, 8RS)
Pitching: LHP Mark Murchison
Batting: LHB Ron Crawford 0-0: Ball
1-0: Foul Ball, location: 2F
1-1: Swinging Strike
1-2: Ball
2-2: Strikes out swinging
Batting: RHB Dave Parker 0-0: Swinging Strike
0-1: Ball
1-1: Foul Ball, location: 2F
1-2: Ball
2-2: Foul Ball, location: 2F
2-2: Ball
3-2: DOUBLE (Line Drive, 78XD)
Toshimichi Kono to third
Toshimichi Kono scores
Batting: RHB Ronald Parsons 0-0: Ball
1-0: Foul Ball, location: 2F
1-1: Ball
2-1: Swinging Strike
2-2: Fly out, F7 (Line Drive, 7D)
Bottom of the 7th over - 1 run(s), 2 hit(s), 0 error(s), 1 left on base; Pocatello 7 - Kansas City 6
TOP OF THE 8TH
Pocatello Boccabellas batting - Pitching for Kansas City Kings : RHP Adrián Serrano
Pitching: RHP Nick Parks
Batting: RHB Francisco Sandoval 0-0: Ball
1-0: Ball
2-0: Ball
3-0: Base on Balls
Batting: RHB Marlon Phipps 0-0: Ball
1-0: Ball
2-0: Called Strike
2-1: Ball
3-1: Foul Ball, location: 2F
3-2: SINGLE (Groundball, 56D)
Francisco Sandoval to second
Batting: RHB Jeremy Carr 0-0: Ball
1-0: Foul Ball, location: 2F
1-1: Ball
2-1: Foul Ball, location: 2F
2-2: Ball
3-2: Foul Ball, location: 2F
3-2: Base on Balls
Francisco Sandoval to third
Marlon Phipps to second
Batting: SHB Nick Cox 0-0: Called Strike
0-1: Swinging Strike
0-2: Ball
1-2: Strikes out swinging
Batting: RHB Ernesto Acosta 0-0: Foul Ball, location: 2F
0-1: Ball
1-1: SINGLE (Flyball, 89S)
Francisco Sandoval scores
Marlon Phipps to third
Jeremy Carr to second
Runner from 3rd tries for Home, SAFE, throw made home
Jeremy Carr to third
Ernesto Acosta to second
Batting: SHB Glenn Vadnais 0-0: Intentional Walk
Pitching: RHP Mike Hodges
Batting: RHB John Craig 0-0: Swinging Strike
0-1: Fly out, F9 (Flyball, 9LSF)
Runner from 3rd tags up, SCORES, no throw
Batting: RHB Orlando Bruno 0-0: Ball
1-0: Fly out, F9 (Flyball, 9S)
Top of the 8th over - 3 run(s), 2 hit(s), 0 error(s), 2 left on base; Pocatello 10 - Kansas City 6
BOTTOM OF THE 8TH
Kansas City Kings batting - Pitching for Pocatello Boccabellas : LHP Mark Murchison
Batting: LHB Luis González 0-0: Called Strike
0-1: SINGLE (Groundball, 4MD)
Batting: RHB Oliver Lugo 0-0: Ball
1-0: Reached on error, E2 (Groundball, 23)
Luis González to third
Batting: RHB Chris Chandler 0-0: Swinging Strike
0-1: Ball
1-1: Foul Ball, location: 2F
1-2: Ball
2-2: Foul Ball, location: 2F
2-2: Ball
3-2: Foul Ball, location: 2F
3-2: TRIPLE (Flyball, 7LM)
Luis González scores
Oliver Lugo scores
Pitching: RHP Esteban Corona
Batting: SHB Douglas Taylor 0-0: Ball
1-0: Foul Ball, location: 2F
1-1: Ball
2-1: Foul Ball, location: 2F
2-2: SINGLE (Groundball, 56D)
Chris Chandler scores
Batting: LHB Stan Hickman 0-0: Foul Ball, location: 2F
0-1: Fly out, F8 (Flyball, 89M)
Batting: RHB Toshimichi Kono 0-0: Fly out, F4 (Popup, 4D)
Batting: LHB Ron Crawford 0-0: Ball
1-0: Ball
2-0: Called Strike
2-1: Called Strike
2-2: Ball
3-2: Base on Balls
Douglas Taylor to second
Batting: RHB Dave Parker 0-0: Fly out, F8 (Flyball, 8LD)
Bottom of the 8th over - 3 run(s), 3 hit(s), 1 error(s), 2 left on base; Pocatello 10 - Kansas City 9
TOP OF THE 9TH
Pocatello Boccabellas batting - Pitching for Kansas City Kings : RHP Mike Hodges
Pitching: RHP Alberto Bonilla
Batting: RHB Tomás Carranza 0-0: Ball
1-0: Ground out 6-3 (Groundball, 6)
Batting: RHB Francisco Sandoval 0-0: Ball
1-0: Ball
2-0: Called Strike
2-1: Foul Ball, location: 2F
2-2: Fly out, F9 (Line Drive, 9S)
Batting: RHB Marlon Phipps 0-0: Ground out 6-3 (Groundball, 6)
Top of the 9th over - 0 run(s), 0 hit(s), 0 error(s), 0 left on base; Pocatello 10 - Kansas City 9
BOTTOM OF THE 9TH
Kansas City Kings batting - Pitching for Pocatello Boccabellas : RHP Esteban Corona
Pitching: RHP Jaime Espinoza
Batting: RHB Ronald Parsons 0-0: Ball
1-0: Called Strike
1-1: Called Strike
1-2: Foul Ball, location: 2F
1-2: Foul Ball, location: 2F
1-2: Ball
2-2: Strikes out swinging
Batting: LHB Luis González 0-0: Foul Ball, location: 2F
0-1: SINGLE (Line Drive, 6M)
Batting: RHB Oliver Lugo 0-0: Ball
1-0: Ball
2-0: Called Strike
2-1: Foul Ball, location: 2F
2-2: Fly out, F5 (Popup, 56)
Batting: RHB Chris Chandler 0-0: Ball
1-0: Called Strike
1-1: SINGLE (Flyball, 9LM)
Luis González to second
Runner from 2nd tries for 3rd, SAFE, no throw
Batting: SHB Douglas Taylor 0-0: 3-RUN HOME RUN (Flyball, 9D), Distance : 375 ft
Tuesday, August 8th, 2017 - OOTP Baseball 17.12 Build 75